 Dungeon Crawl Stone Soup version 0.30-a0-800-g7c544603b3 (webtiles) character file.

Game seed: 14633115815019747957

440 Iich the Cleaver (level 7, 0/63 HPs)
             Began as a Hill Orc Fighter on Feb 21, 2023.
             Slain by Sigmund
             ... wielding a +3 vampiric scythe
              (3 damage)
             ... on level 5 of the Dungeon.
             The game lasted 00:06:01 (4465 turns).

Iich the Cleaver (Hill Orc Fighter)                 Turns: 4465, Time: 00:06:01

Health: 0/63       AC:  6    Str: 19    XL:     7   Next: 2%
Magic:  7/7        EV:  9    Int:  8    God:
Gold:   287        SH:  4    Dex: 12    Spells: 6/6 levels left

rFire   . . .      SeeInvis .    a - +0 war axe
rCold   . . .      Faith    .    c - +0 buckler
rNeg    . . .      Spirit   .    b - +0 scale mail
rPois   .          Reflect  .    (no helmet)
rElec   .          Harm     .    (no cloak)
rCorr   .          Rampage  .    (no gloves)
Will    .....                    (no boots) Stlth
                                 (no amulet)
HPRegen 0.30/turn                (no ring)
MPRegen 0.10/turn                (no ring)

@: no status effects
A: no striking features
a: no special abilities


You were on level 5 of the Dungeon.
You visited 1 branch of the dungeon, and saw 6 of its levels.

You collected 287 gold pieces.

Inventory:

Hand Weapons
 a - a +0 war axe (weapon)
Armour
 b - a +0 scale mail (worn)
 c - a +0 buckler (worn)
Wands
 n - a wand of flame (23)
Scrolls
 h - a scroll of amnesia
 i - a scroll of teleportation
 m - a scroll of noise
 p - 2 scrolls of magic mapping
 r - a scroll of fog {unknown}
Potions
 d - 3 potions of might
 o - a potion of haste {unknown}
 q - a potion of brilliance {unknown}


   Skills:
 + Level 6.0 Fighting
 * Level 8.0 Axes
 - Level 3.2 Armour
 - Level 3.2 Shields


You had 6 spell levels left.
You didn't know any spells.
Your spell library contained the following spells:

 Spells                   Type           Power      Damage    Failure   Level
 Kiss of Death            Conj/Necr      0%         2d5       86%         1
 Sandblast                Erth           0%         2d4       86%         1
 Shock                    Conj/Air       0%         1d3       86%         1
 Blink                    Tloc           0%         N/A       95%         2
 Lesser Beckoning         Tloc           0%         N/A       95%         2
 Momentum Strike          Conj/Tloc      0%         3d8       95%         2
 Passwall                 Tmut/Erth      0%         N/A       95%         2
 Confusing Touch          Hex            0%         N/A       99%         3
 Ignite Poison            Fire/Tmut/Pois 0%         N/A       99%         3
 Kindle Blastsparks       Fire/Tloc/Air  0%         2d10      99%         3
 Stone Arrow              Conj/Erth      0%         3d7       99%         3
 Swiftness                Air            0%         N/A       99%         3
 Airstrike                Air            0%         2d(0-16)  100%        4
 Dispel Undead            Necr           0%         3d6       100%        4
 Freezing Cloud           Conj/Ice/Air   0%         6-21      100%        5
 Simulacrum               Ice/Necr       0%         N/A       100%        6
 Polar Vortex             Ice            0%         N/A       100%        9


Dungeon Overview and Level Annotations

Branches:
Dungeon (6/15)             Temple (0/1) D:5

Altars:
Okawaru

Shops:
D:4 *

Annotations:
D:3 3 runed translucent doors, F1ng0rz's ghost, amateur SpBr; asti's ghost, amateur MiBe; oldplebian's ghost, amateur MiBe
D:5 Edmund; Ijyb; Sigmund


Message History

You hit Sigmund.
Sigmund is moderately wounded.
Sigmund hits you but does no damage.
You feel less confused. Sigmund closely misses you.
You closely miss Sigmund.
Sigmund is moderately wounded.
Sigmund casts a spell.
Sigmund flickers and vanishes!
Deactivating autopickup; reactivate with Ctrl-A.
You completely miss something. Something hits you.
You closely miss something. You closely miss something. Something hits you!
You miss something. Something hits you.
You miss something. Something hits you!
* * * LOW HITPOINT WARNING * * *
You closely miss something.
You hear some strange, mumbled words.
A magic dart appears from out of thin air!
The magic dart hits you.
* * * LOW HITPOINT WARNING * * *
Unknown command.
You hit something. Something hits you.
* * * LOW HITPOINT WARNING * * *
You barely miss something. Something hits you.
* * * LOW HITPOINT WARNING * * *
You slash something!
Unknown command.
You miss something. Something hits you.
* * * LOW HITPOINT WARNING * * *
You miss something. Something hits you.
You die...

#.#.#.# ###...
#.#.#.#######.....
#.#.#...##.......#
######
#.#.#.#..'†@....##
#.>..#
#.#.#@####....###
###.###.##.# #.#.#.#
###### ........##.#
#.#.#.#
###.######.#####>#.#.#
.............@{...#
###################


There were no monsters in sight!

Vanquished Creatures
  An ice beast (D:5)
  2 jellies
  A gnoll bouda (D:4)
  A hound (D:5)
  Natasha (thrice) (D:3)
  An orc wizard (D:5)
  4 gnolls (D:2)
  2 adders
  A worm (D:4)
  A dart slug (D:2)
  4 orcs
  5 endoplasms
  4 giant cockroaches
  4 goblins
  9 hobgoblins
  5 jackals (D:1)
  3 quokkas
  8 ball pythons
  4 bats
  2 frilled lizards (D:1)
  5 kobolds
  3 rats
  2 toadstools (D:4)
75 creatures vanquished.

Vanquished Creatures (others)
  A fungus (D:4)
  2 toadstools (D:4)
3 creatures vanquished.

Grand Total: 78 creatures vanquished

Notes
Turn   | Place    | Note
-------+----------+-------------------------------------------
     0 | D:1      | Iich the Hill Orc Fighter began the quest for the Orb.
     0 | D:1      | Reached XP level 1. HP: 19/19 MP: 1/1
    81 | D:1      | Reached skill level 3 in Axes
   120 | D:1      | Reached XP level 2. HP: 27/27 MP: 2/2
   627 | D:1      | Reached skill level 4 in Axes
   637 | D:1      | Reached XP level 3. HP: 33/33 MP: 3/3
  1172 | D:2      | Reached XP level 4. HP: 19/41 MP: 4/4
  1173 | D:2      | Reached skill level 5 in Axes
  1602 | D:3      | Noticed Natasha
  1609 | D:3      | Killed Natasha
  1712 | D:3      | Noticed Natasha
  1715 | D:3      | Killed Natasha
  1716 | D:3      | Reached XP level 5. HP: 47/47 MP: 5/5
  1736 | D:3      | Reached skill level 5 in Fighting
  1810 | D:3      | Reached skill level 6 in Axes
  1830 | D:3      | Noticed Natasha
  1844 | D:3      | Killed Natasha
  2032 | D:3      | Found a faded altar of an unknown god.
  2328 | D:3      | Found a runed translucent gate.
  2328 | D:3      | Found a runed translucent gate.
  2328 | D:3      | Found a runed translucent gate.
  2333 | D:3      | Noticed F1ng0rz's ghost (amateur SpBr)
  2333 | D:3      | Noticed asti's ghost (amateur MiBe)
  2333 | D:3      | Noticed oldplebian's ghost (amateur MiBe)
  2703 | D:4      | Found Sanynykh's Superlative Supplies.
  2708 | D:4      | Identified the +0 whip of the Pillar {protect, *Rage rN+++
                  | Int+2 Dex+4}
  2726 | D:4      | Reached XP level 6. HP: 56/56 MP: 6/6
  3136 | D:4      | Reached skill level 7 in Axes
  3485 | D:5      | Entered Level 5 of the Dungeon
  3485 | D:5      | Found a staircase to the Ecumenical Temple.
  3491 | D:5      | Noticed an ice beast
  3493 | D:5      | Noticed Edmund
  3495 | D:5      | Noticed an ice beast
  3501 | D:5      | Noticed an ice beast
  3516 | D:5      | Killed an ice beast
  3586 | D:5      | Noticed Ijyb
  3612 | D:5      | Noticed a shadow
  3617 | D:5      | Found an iron altar of Okawaru.
  3899 | D:5      | Reached skill level 8 in Axes
  3899 | D:5      | Reached XP level 7. HP: 58/63 MP: 7/7
  3918 | D:5      | Noticed a yak
  3931 | D:5      | Noticed Sigmund
  3953 | D:5      | HP: 1/63 [something (7)]
  3962 | D:5      | HP: 3/63 [something/puff of flame (3)]
  4464 | D:5      | HP: 3/63 [something (5)]
  4465 | D:5      | Slain by Sigmund

Illustrated notes

Levels and vault maps discovered:
D:1:      dpeg_arrival_brainrot, layout_loops_ring, st_stairs_10
D:2:      layout_rooms
D:3:      layout_loops_ring, basic_ecumenical_altar, gammafunk_ghost_cemetery,
          dk_noncrumbling_2, chequers_serial_rivers_large_a, minmay_ruptured,
          uniq_natasha
D:4:      layout_loops_ring, minmay_gold_behind_fungi, grunt_decor_clamped,
          nicolae_alphabet_shops, minmay_close_crescents
D:5:      layout_loops_ring, okawaru_ov_weapons_minmay,
          minmay_temple_entry_large_hall, lightli_corner_chamber, uniq_edmund,
          uniq_ijyb, uniq_sigmund
D:6:      layout_rooms, lemuel_doored_altar, cheibriados_altar_1, st_stairs_8,
          nicolae_specific_store

Skill      XL: |  1  2  3  4  5  6 |
---------------+-------------------+-----
Axes           | 3 4 5 6 8 |  8.0
Fighting       | 4 5 6 |  6.0
Armour         | |  3.2
Shields        | |  3.2

Action                     |  1- 3 |  4- 6 |  7- 9 || total
---------------------------+-------+-------+-------++-------
  Melee: War axe           |    96 |   138 |    40 ||   274
    Use: Potion            |     1 |     4 |     4 ||     9
         Scroll            |       |     6 |       ||     6
   Stab: Invisible         |       |     1 |       ||     1
 Armour: Scale mail        |    42 |    61 |     8 ||   111
         Skin              |       |     7 |       ||     7
  Dodge: Dodged            |    51 |    51 |     8 ||   110
  Block: Buckler           |    34 |    26 |     2 ||    62

Table legend: (Time is in decaauts)
 A = Elapsed time spent in this place.
 B = Non-inter-level travel time spent in this place.
 C = Inter-level travel time spent in this place.
 D = Time resting spent in this place.
 E = Time spent auto-exploring this place.
 F = Levels seen in this place.
 G = Mean time per level.
                   A        B        C        D        E       F      G
               +--------+--------+--------+--------+--------+-----+--------+
         Total |   4569 |   4334 |    235 |    691 |   2855 |   6 |  761.5 |
       Dungeon |   4569 |   4334 |    235 |    691 |   2855 |   6 |  761.5 |
               +--------+--------+--------+--------+--------+-----+--------+

Top non-repeatable levels by time:
     D:3: 1104 daAuts
     D:1: 1037 daAuts
     D:4: 845 daAuts
     D:2: 591 daAuts
     D:5: 546 daAuts
     D:6: 443 daAuts
